 Dungeon Crawl Stone Soup version 0.24-a0-613-g1ff6aac (webtiles) character file.

Game seed: 7454937215433852194, levelgen mode: deterministic

2963 GrazedDisgrace the Skirmisher (level 9, -1/71 HPs)
             Began as a Demonspawn Gladiator on Sept 10, 2019.
             Was a Follower of Yredelemnul.
             Slain by bakahatsu's ghost (19 damage)
             ... on level 7 of the Dungeon.
             The game lasted 00:50:54 (8582 turns).

GrazedDisgrace the Skirmisher (DsGl)                Turns: 8582, Time: 00:50:55

Health: -1/71      AC: 11    Str: 16    XL:     9   Next: 52%
Magic:  12/12      EV: 20    Int:  8    God:    Yredelemnul [*.....]
Gold:   525        SH:  0    Dex: 23    Spells: 8/8 levels left

rFire    + + .     SeeInvis .   s - +2 halberd of No Interval {chop, *Rage rElec rN+++ Int-3}
rCold    . . .     Gourm    .   (shield currently unavailable)
rNeg     + + +     Faith    .   h - +2 ring mail {rF+}
rPois    +         Spirit   .   (helmet restricted)
rElec    +         Reflect  .   p - +2 cloak
rCorr    +         Harm     .   m - -1 pair of gloves of Pantheism {rElec rPois rF+ Dex+3}
MR       .....     Rnd*Rage +   (no boots)
Stlth    +++.......             (no amulet)
HPRegen  0.21/turn              y - +1 ring of protection
MPRegen  0.13/turn              u - ring of resist corrosion

@: agile
A: antennae 2, nightstalker 1, powered by pain 1
a: Animate Remains, Renounce Religion


You were on level 7 of the Dungeon.
You worshipped Yredelemnul.
Yredelemnul was aware of your devotion.
You were not hungry.

You visited 2 branches of the dungeon, and saw 8 of its levels.

You collected 525 gold pieces.

Inventory:

Hand Weapons
 s - the +2 halberd of No Interval (weapon) {chop, *Rage rElec rN+++ Int-3}
   (You took it off an orc priest on level 7 of the Dungeon)

   It inflicts extra damage upon your enemies.
   It affects your intelligence (-3).
   It insulates you from electricity.
   It renders you almost immune to negative energy.
   It may make you go berserk in combat.
 D - a +1 trident of freezing
Missiles
 w - a throwing net
 C - a silver javelin (quivered)
Armour
 b - a +0 scale mail
 h - a +2 ring mail of fire resistance (worn)
 m - the -1 pair of gloves of Pantheism (worn) {rElec rPois rF+ Dex+3}
   (You found it on level 5 of the Dungeon)

   It affects your dexterity (+3).
   It protects you from fire.
   It insulates you from electricity.
   It protects you from poison.
 p - a +2 cloak (worn)
Magical Staves
 E - an uncursed staff of summoning
Jewellery
 u - a ring of resist corrosion (right hand)
 v - an uncursed ring of protection from cold
 y - a +1 ring of protection (left hand)
Wands
 i - a wand of iceblast (5)
 l - a wand of flame (23)
 r - a wand of acid (11)
 z - a wand of enslavement (6)
Scrolls
 a - a scroll of identify
 o - a scroll of teleportation
 t - a scroll of remove curse
 x - 3 scrolls of fog
 B - a scroll of fear
Potions
 c - a potion of magic
 d - a potion of agility
 e - 6 potions of curing
 j - 2 potions of resistance
 k - a potion of cancellation
 n - 2 potions of flight
 q - a potion of brilliance
 A - 2 potions of berserk rage
Comestibles
 f - 16 rations


   Skills:
 * Level 6.6 Fighting
 * Level 6.5 Polearms
 + Level 5.4 Throwing
 + Level 2.4 Armour
 + Level 6.0 Dodging
 * Level 5.1 Invocations


You had 8 spell levels left.
You didn't know any spells.
Your spell library was empty.

Dungeon Overview and Level Annotations

Branches:
Dungeon (7/15)             Temple (1/1) D:5

Altars:
Elyvilon
Okawaru
Ru
Trog
Wu Jian
Xom
Yredelemnul

Shops:
D:5 }

Annotations:
D:7 bakahatsu's ghost, novice TrFi


Innate Abilities, Weirdness & Mutations

You have a pair of antennae on your head.
You are slightly more attuned to the shadows.
You sometimes gain a little power by taking damage.


Message History

The silver javelin pierces through bakahatsu's ghost!
The silver sears bakahatsu's ghost!
Bakahatsu's ghost is heavily damaged.
Bakahatsu's ghost hits you!!
* * * LOW HITPOINT WARNING * * *
You focus on the pain.
You feel more agile all of a sudden. Bakahatsu's ghost misses you.
You feel much better.
Bakahatsu's ghost hits you but does no damage.
You hit bakahatsu's ghost.
Bakahatsu's ghost is heavily damaged.
Bakahatsu's ghost hits you!!
* * * LOW HITPOINT WARNING * * *
Okay, then.
As you read the scroll of fear, it crumbles to dust.
You assume a fearsome visage.
Bakahatsu's ghost is unaffected.
Bakahatsu's ghost hits you!!
You die...
Your body rises from the dead as a mindless zombie.

......#)#....##.#.#.#.# ##8.
......#......##.....#.# #...
..##..................# ###...
..........#.###.#.#.#.######...8.
....<...........###........#...#_
#....#)####.##..# #.#......'...##
###..[)# #########.#..>...#....#
.###.#)# §§#..#.#......#....#
.....#.# §§W@.#.#############
..####.# §§#....# .......#
####.### .####### #.# .# #.#
.##### #.# .....# #.# ...#.# #.#
##.#.####


You could see bakahatsu's ghost.

Vanquished Creatures
  A hornet (D:7)
  Prince Ribbit (D:7)
  A hippogriff (D:7)
  Sigmund (D:5)
  Eustachio (D:6)
  Menkaure (D:5)
  An orc warrior (D:7)
  2 ice beasts (D:5)
  A phantom (D:5)
  A black bear (D:6)
  2 ogres
  2 centaurs
  Blork the orc (D:6)
  4 bullfrogs
  2 scorpions (D:4)
  2 howler monkeys
  2 centaur zombies
  A hound (D:7)
  2 jellies
  2 orc priests
  Ijyb (D:3)
  3 orc wizards
  6 worker ants
  A hound skeleton (D:4)
  15 adders
  A howler monkey skeleton (D:7)
  An ooze (D:1)
  An adder zombie (D:6)
  An adder skeleton (D:4)
  3 worms
  3 dart slugs
  4 leopard geckos
  15 orcs
  A ball python (D:2)
  5 bats
  5 giant cockroaches
  4 goblins
  4 hobgoblins
  6 jackals
  7 kobolds
  4 quokkas
  5 frilled lizards
  6 rats
133 creatures vanquished.

Notes
Turn   | Place    | Note
-------+----------+-------------------------------------------
     0 | D:1      | GrazedDisgrace the Demonspawn Gladiator began the quest for
                  | the Orb.
     0 | D:1      | Reached XP level 1. HP: 16/16 MP: 1/1
   348 | D:1      | Gained mutation: You have a pair of small antennae on your
                  | head. [demonic ancestry]
   348 | D:1      | Reached XP level 2. HP: 20/22 MP: 2/2
   938 | D:1      | Reached XP level 3. HP: 26/27 MP: 3/3
  1678 | D:2      | Reached XP level 4. HP: 28/34 MP: 4/4
  2440 | D:3      | Noticed Ijyb
  2453 | D:3      | Killed Ijyb
  2891 | D:3      | Gained mutation: You sometimes gain a little power by
                  | taking damage. [demonic ancestry]
  2891 | D:3      | Reached XP level 5. HP: 33/40 MP: 5/5
  3234 | D:3      | HP: 1/41 [poisoned by kobold (curare-tipped dart)]
  3840 | D:4      | Gained mutation: You have a pair of antennae on your head.
                  | [demonic ancestry]
  3840 | D:4      | Reached XP level 6. HP: 34/47 MP: 6/6
  4611 | D:5      | Entered Level 5 of the Dungeon
  4611 | D:5      | Found Aressiargh's Gadget Shoppe.
  4617 | D:5      | Gained mutation: You are slightly more attuned to the
                  | shadows. [demonic ancestry]
  4617 | D:5      | Reached XP level 7. HP: 52/53 MP: 7/7
  4684 | D:5      | Noticed Menkaure
  4852 | D:5      | Found a staircase to the Ecumenical Temple.
  4859 | D:5      | Noticed Sigmund
  4862 | Temple   | Entered the Ecumenical Temple
  4869 | Temple   | Became a worshipper of Yredelemnul the Dark
  4892 | D:5      | Killed Sigmund
  4892 | D:5      | Reached skill level 5 in Polearms
  4892 | D:5      | Reached skill level 5 in Dodging
  5011 | D:5      | Got a pair of faintly humming gloves
  5017 | D:5      | Identified the cursed -1 pair of gloves of Pantheism {rElec
                  | rPois rF+ Dex+3} (You found it on level 5 of the Dungeon)
  5148 | D:5      | Killed Menkaure
  5148 | D:5      | Reached XP level 8. HP: 61/61 MP: 8/8
  5242 | D:5      | Reached skill level 5 in Fighting
  5931 | D:6      | Reached skill level 1 in Invocations
  6078 | D:6      | Noticed Eustachio
  6093 | D:6      | Killed Eustachio
  6093 | D:6      | Reached skill level 5 in Throwing
  6093 | D:6      | Reached skill level 1 in Armour
  7000 | D:6      | Noticed Blork the orc
  7016 | D:6      | Killed Blork the orc
  7109 | D:7      | Reached * piety under Yredelemnul
  7109 | D:7      | Reached XP level 9. HP: 69/69 MP: 11/11
  7126 | D:7      | Noticed Prince Ribbit
  7146 | D:7      | Killed Prince Ribbit
  8084 | D:7      | Identified the +2 halberd of No Interval {chop, *Rage rElec
                  | rN+++ Int-3}
  8198 | D:7      | Reached skill level 5 in Invocations
  8476 | D:7      | Found an iron altar of Okawaru.
  8478 | D:7      | Found a sacrificial altar of Ru.
  8481 | D:7      | Found a shimmering altar of Xom.
  8533 | D:7      | Found an ornate altar of the Wu Jian Council.
  8533 | D:7      | Found a white marble altar of Elyvilon.
  8561 | D:7      | Found a runed translucent door.
  8561 | D:7      | Noticed bakahatsu's ghost (novice TrFi)
  8582 | D:7      | Slain by bakahatsu's ghost

Levels and vault maps discovered:
D:1:      minmay_arrival_widening_spiral_wide, layout_basic, minmay_ruptured
D:2:      layout_basic
D:3:      layout_basic, uniq_ijyb
D:4:      layout_gridville
D:5:      layout_loops_ring, minmay_temple_entry_ruins, serial_shops,
          nicolae_shop_stone, first_ration, uniq_sigmund, uniq_menkaure
D:6:      layout_cave_pods, uniq_eustachio, uniq_blork_the_orc
D:7:      minmay_blocky_corners, layout_basic, minitemple,
          ebering_ghost_inner_flame, uniq_duvessa, uniq_prince_ribbit1
Temple:   minmay_crystal_spiral_temple

Skill      XL: |  1  2  3  4  5  6  7  8  9 |
---------------+----------------------------+-----
Polearms       | 3 4 5 6 |  6.5
Dodging        | 3 4 5 6 |  6.0
Throwing       | 2 3 4 5 |  5.4
Fighting       | 3 4 6 |  6.6
Invocations    | 3 5 |  5.1
Armour         | 1 2 |  2.4

Action                   |  1- 3 |  4- 6 |  7- 9 || total
-------------------------+-------+-------+-------++-------
Melee: Trident           |    35 |       |       ||    35
       Whip              |    76 |   161 |   299 ||   536
       Halberd           |       |       |     9 ||     9
Throw: Throwing net      |       |     1 |     4 ||     5
       Javelin           |       |       |     4 ||     4
Evoke: Wand              |       |     1 |       ||     1
  Use: Scroll            |       |    15 |    12 ||    27
       Potion            |       |     1 |     5 ||     6
 Stab: Sleeping          |     2 |     2 |     1 ||     5
       Held in net/web   |       |     1 |     2 ||     3
  Eat: Chunk             |     2 |    10 |     9 ||    21
       Ration            |       |       |     1 ||     1
Armor: Leather armour    |    22 |     5 |       ||    27
       Scale mail        |       |    45 |   160 ||   205
       Ring mail         |       |       |     4 ||     4
Dodge: Dodged            |    84 |    91 |   333 ||   508

Table legend:
 A = Non-vault XP
 B = Vault XP
 C = Vault XP percentage of total XP
 D = Non-vault monster count
 E = Vault monster count
 F = Vault count percentage of total count
                 A         B        C        D         E       F
            +---------+---------+-------+---------+---------+-------
      Total |    2404 |    1830 |  43.2 |     119 |      14 |  10.5
            +---------+---------+-------+---------+---------+-------
        D:1 |      37 |       6 |  14.0 |      19 |       2 |   9.5
        D:2 |      84 |       0 |   0.0 |      20 |       0 |   0.0
        D:3 |     126 |      36 |  22.2 |      18 |       1 |   5.3
        D:4 |     417 |       0 |   0.0 |      13 |       0 |   0.0
        D:5 |     751 |     399 |  34.7 |      10 |       2 |  16.7
        D:6 |     613 |     299 |  32.8 |      21 |       2 |   8.7
        D:7 |     376 |    1090 |  74.4 |      18 |       7 |  28.0
            +---------+---------+-------+---------+---------+-------
